 Dungeon Crawl Stone Soup version 0.21.1-1-g345015f (webtiles) character file.

2 shakethe the Grave Robber (level 1, -3/13 HPs)
             Began as a Demonspawn Necromancer on Feb 24, 2018.
             Killed from afar by a dart slug (6 damage)
             ... with a slug dart
             ... on level 1 of the Dungeon.
             The game lasted 00:00:31 (41 turns).

shakethe the Grave Robber (Demonspawn Necromancer)    Turns: 41, Time: 00:00:32

Health: -3/13      AC:  2    Str:  8    XL:     1   Next: 25%
Magic:  0/3        EV: 12    Int: 16    God:
Gold:   0          SH:  0    Dex: 13    Spells: 3/4 levels left

rFire    . . .     SeeInvis .   (no weapon)
rCold    . . .     Gourm    .   (no shield)
rNeg     . . .     Faith    .   a - +0 robe
rPois    .         Spirit   .   (no helmet)
rElec    .         Reflect  .   (no cloak)
rCorr    .         Harm     .   (no gloves)
MR       .....                  (no boots)
Stlth    ++........             (no amulet)
HPRegen  0.04/turn              (no ring)
MPRegen  0.08/turn              (no ring)

@: no status effects
A: no striking features
a: no special abilities


You were on level 1 of the Dungeon.
You were not hungry.

You visited 1 branch of the dungeon, and saw 1 of its levels.

Inventory:

Armour
 a - a +0 robe (worn)
Books
 b - a book of Necromancy
Comestibles
 c - a ration


   Skills:
 + Level 0.3 Fighting
 - Level 1.7 Dodging
 - Level 1.7 Stealth
 - Level 2.0 Spellcasting
 + Level 4.4 Necromancy


You had 3 spell levels left.
You knew the following spells:

 Your Spells              Type           Power        Failure   Level  Hunger
a - Pain                  Necr           ###.         3%          1    #......


Dungeon Overview and Level Annotations

Branches:
Dungeon (1/15)

Altars:


Message History

Welcome, shakethe the Demonspawn Necromancer.
Will you be the one to retrieve the fabulous Orb of Zot from the depths?
Found a staircase leading out of the dungeon.
You open the large door.
A bat and a hobgoblin come into view.
There is a large open door here.
Aim: a bat (resting, chance to defeat MR: 85%)
You miscast Pain.
You are very lightly contaminated with residual magic.
Strange energies run through your body.
You now have 2/3 mp.
Aim: a bat (resting, chance to defeat MR: 85%)
The bat writhes in agony!
You kill the bat!
You take 1 damage, and have 12/13 hp.
You now have 1/3 mp.
The hobgoblin shouts!
Aim: a hobgoblin (chance to defeat MR: 85%)
The hobgoblin writhes in agony!
You take 1 damage, and have 11/13 hp.
You now have 0/3 mp.
You don't have enough magic to cast that spell.
You don't know that spell.
You hit the hobgoblin but do no damage. The hobgoblin misses you.
A dart slug comes into view.
You hit the hobgoblin.
You kill the hobgoblin!
There is a large open door here.
The dart slug launches a dart at you. The slug dart misses you.
Your magical contamination has completely faded away.
Aim: a dart slug (chance to defeat MR: 85%)
The dart slug writhes in agony!
You take 1 damage, and have 11/13 hp.
You now have 0/3 mp.
The dart slug bites you.
You take 2 damage, and have 9/13 hp.
You hit the dart slug. The dart slug barely misses you.
You hit the dart slug. You hit the dart slug.
The dart slug launches a dart at you. The slug dart hits you!
You take 3 damage, and have 6/13 hp.
MASSIVE DAMAGE!!
Aim: a dart slug (severely wounded, chance to defeat MR: 85%)
The dart slug barely resists.
The dart slug barely misses you.
You take 1 damage, and have 5/13 hp.
You now have 0/3 mp.
You hit the dart slug but do no damage. You hit the dart slug.
The dart slug bites you.
* * * LOW HITPOINT WARNING * * *
You take 2 damage, and have 3/13 hp.
You hit the dart slug but do no damage. The dart slug launches a dart at you.
The slug dart hits you!
You die...

#....## #†..#
#...# ###''###
###§§..≈≈###
##§≈≈§..≈≈≈≈##
#§§≈#§..≈#≈≈≈#
##§≈§≈≈w.≈≈≈≈≈##
#§≈≈≈≈≈@.≈≈≈≈≈§#
#§§≈≈≈#..#≈§≈≈≈#
#§§#≈≈#..#≈§#§≈#
#≈≈§≈≈#.<#§§§≈§#
#≈≈≈≈ #### §≈≈≈#
#≈≈§ ≈≈≈# ##≈ #


You could see a dart slug.

Vanquished Creatures
  A hobgoblin (D:1)
  A bat (D:1)
2 creatures vanquished.

Notes
Turn   | Place    | Note
-------+----------+-------------------------------------------
     0 | D:1      | shakethe the Demonspawn Necromancer began the quest for the Orb.
     0 | D:1      | Reached XP level 1. HP: 13/13 MP: 3/3
    40 | D:1      | HP: 3/13 [dart slug (2)]
    41 | D:1      | Killed from afar by a dart slug

Action                   || total
-------------------------++-------
Melee: Unarmed           ||     8
 Cast: Pain              ||     4
Dodge: Dodged            ||     4

Vault maps used:
D:1:      lightli_molten_gateway

Table legend:
 A = Turns spent in this place as a percentage of turns spent in the entire game.
 B = Non-inter-level travel turns spent in this place as a percentage of non-inter-level travel turns spent in the entire game.
 C = Inter-level travel turns spent in this place as a percentage of turns spent in this place.
 D = Turns resting spent in this place as a percentage of non-inter-level travel turns spent in this place.
 E = Turns spent auto-exploring this place as a percentage of non-inter-level travel turns spent in this place.
 F = Non-inter-level travel turns spent in this place divided by the number of levels of this place that you've seen.
                   A       B       C       D       E      F
               +-------+-------+-------+-------+-------+----------------------
         Total | 100.0 | 100.0 |   0.0 |   0.0 |   0.0 |  41.0
       Dungeon | 100.0 | 100.0 |   0.0 |   0.0 |   0.0 |  41.0
               +-------+-------+-------+-------+-------+----------------------

Table legend:
 A = Kills in this place as a percentage of kills in entire the game.
 B = Kills by you in this place as a percentage of kills by you in the entire game.
 C = Kills by friends in this place as a percentage of kills by friends in the entire game.
 D = Other kills in this place as a percentage of other kills in the entire game.
 E = Experience gained in this place as a percentage of experience gained in the entire game.
 F = Experience gained in this place divided by the number of levels of this place that you have seen.
                   A       B       C       D       E      F
               +-------+-------+-------+-------+-------+----------------------
         Total | 100.0 | 100.0 |   N/A |   N/A | 100.0 |   3.0
       Dungeon | 100.0 | 100.0 |   N/A |   N/A | 100.0 |   3.0
               +-------+-------+-------+-------+-------+----------------------
